General information
			
			
        
        - name: 1v1 obs 3
 
        - type: Custom game
 
        - host: gerpISH
 
        - saver: koosha
 
        
map: EchoIsles 
        - players: 7
 
        - length: 26:39
 
        - speed: Fast
 - version: 1.22 W3XP
 - replay type:  Public
 
» download(207 KB)
Players
        team 1 (winner) 
              
              
» 
LemonLimeFace (
gray | 166 APM | 4432 actions | 26:39)
              
 3 Death Knight 
 2 Death Coil
 1 Unholy Aura
 5 Dark Ranger 
 3 Black Arrow
 2 Silence
 3 Pit Lord 
 2 Howl of Terror
 1 Cleaving Attack
 
                » actions 
                
                | Assign group hotkey | 68 |  | 
| Basic commands | 90 |  | 
| Build / train | 74 |  | 
| ESC pressed | 4 |  | 
| Enter build submenu | 22 |  | 
| Enter hero's abilities submenu | 11 |  | 
| Give item / drop item | 5 |  | 
| Right click | 2397 |  | 
| Select / deselect | 384 |  | 
| Select group hotkey | 1311 |  | 
| Use ability | 66 |  | 
                4432 total
 » units 
                
                | Acolyte | 7 |  | 
| Ghoul | 13 |  | 
| Banshee | 5 |  | 
| Obsidian Statue | 3 |  | 
| Crypt Fiend | 3 |  | 
| Meatwagon | 1 |  | 
                32 total
 » upgrades
                
                | Unholy Strength | 1 |  | 
| Unholy Armor | 1 |  | 
| Banshee Training | 2 |  | 
| Ghoul Frenzy | 1 |  | 
| Web | 1 |  | 
| Necromancer Training | 2 |  | 
| Skeletal Mastery | 1 |  | 
| Skeletal Longevity | 1 |  | 
| Disease Cloud | 1 |  | 
                11 total
 » buildings
                
                | Crypt | 2 |  | 
| Ziggurat | 9 |  | 
| Altar of Darkness | 1 |  | 
| Halls of the Dead | 1 |  | 
| Graveyard | 1 |  | 
| Tomb of Relics | 1 |  | 
| Black Citadel | 1 |  | 
| Temple of the Damned | 3 |  | 
| Slaughterhouse | 1 |  | 
                20 total
 » build order
                00:07 Crypt
00:22 Ziggurat
00:38 Crypt
01:07 Altar of Darkness
01:42 Ziggurat
01:45 Ziggurat
03:14 Ziggurat
03:16 Ziggurat
04:45 Ziggurat
06:01 Halls of the Dead
06:27 Graveyard
06:30 Tomb of Relics
09:07 Black Citadel
09:16 Temple of the Damned
09:17 Temple of the Damned
10:20 Temple of the Damned
10:36 Ziggurat
11:37 Slaughterhouse
13:43 Ziggurat
16:44 Ziggurat
» items
                
                | Rod of Necromancy | 1 |  | 
| Orb of Corruption | 1 |  | 
| Claws of Attack +6 | 1 |  | 
| Wand of Illusion | 1 |  | 
| Gloves of Haste | 1 |  | 
| Scroll of Town Portal | 3 |  | 
| Potion of Healing | 1 |  | 
| Scroll of Healing | 1 |  | 
| Potion of Lesser Invulnerability | 1 |  | 
                11 total
  
               team 2 (loser) 
              
              
koosha (
dark-green | 183 APM | 4873 actions | 26:39)
              
 4 Death Knight 
 2 Death Coil
 2 Unholy Aura
 3 Lich 
 2 Frost Nova
 1 Dark Ritual
 
                » actions 
                
                | Assign group hotkey | 422 |  | 
| Basic commands | 153 |  | 
| Build / train | 78 |  | 
| ESC pressed | 6 |  | 
| Enter build submenu | 20 |  | 
| Enter hero's abilities submenu | 7 |  | 
| Give item / drop item | 3 |  | 
| Right click | 2100 |  | 
| Select / deselect | 340 |  | 
| Select group hotkey | 1512 |  | 
| Use ability | 232 |  | 
                4873 total
 » units 
                
                | Acolyte | 7 |  | 
| Ghoul | 8 |  | 
| Crypt Fiend | 12 |  | 
| Gargoyle | 6 |  | 
| Obsidian Statue | 5 |  | 
| Banshee | 5 |  | 
| Abomination | 3 |  | 
                46 total
 » upgrades
                
                | Destroyer Form | 1 |  | 
| Banshee Training | 1 |  | 
                2 total
 » buildings
                
                | Altar of Darkness | 1 |  | 
| Ziggurat | 5 |  | 
| Crypt | 1 |  | 
| Tomb of Relics | 2 |  | 
| Graveyard | 1 |  | 
| Halls of the Dead | 2 |  | 
| Nerubian Tower | 1 |  | 
| Slaughterhouse | 2 |  | 
| Black Citadel | 2 |  | 
| Temple of the Damned | 1 |  | 
                18 total
 » build order
                00:06 Altar of Darkness
00:08 Ziggurat
00:34 Crypt
00:57 Tomb of Relics
01:19 Graveyard
01:35 Ziggurat
04:07 Halls of the Dead
04:07 Halls of the Dead
04:52 Nerubian Tower
06:14 Ziggurat
06:36 Slaughterhouse
10:14 Slaughterhouse
10:35 Tomb of Relics
13:38 Black Citadel
13:38 Black Citadel
14:51 Ziggurat
16:55 Temple of the Damned
22:57 Ziggurat
» items
                
                | Rod of Necromancy | 2 |  | 
| Potion of Lesser Invulnerability | 2 |  | 
| Scroll of Town Portal | 1 |  | 
| Scroll of Healing | 3 |  | 
| Scroll of Protection | 2 |  | 
| Circlet of Nobility | 1 |  | 
| Orb of Corruption | 1 |  | 
| Pendant of Energy | 1 |  | 
| Potion of Healing | 1 |  | 
                14 total
  
               observersgerpISH, 
serious1, 
BoLtOn_tHe_lOsT, 
biko., 
GT28RS Chat log
          (00:16 / All) koosha: glglglglglglglgl
(00:16 / All) LemonLimeFace: koosha gonna make me try!?~~
(00:20 / All) koosha: im horrible.
(00:24 / All) koosha: :)
(00:26 / All) LemonLimeFace: :)
(00:44 / All) koosha: guess he thought  i was too :O
(00:50 / All) LemonLimeFace: hehe
(00:52 / All) LemonLimeFace: got undead
(00:57 / All) LemonLimeFace: mirror every game ~!!
(01:00 / All) koosha: same
(06:29 / All) koosha: dk first loses me the game :O
(06:36 / All) LemonLimeFace: indeed
(06:44 / All) koosha: didnt trust you being UD
(06:45 / All) koosha: :
(06:48 / All) LemonLimeFace: haha
(06:53 / All) LemonLimeFace: must hasve turst
(26:34 / All) koosha: GG
(26:36 / All) LemonLimeFace: gg